AoeStats
← qaz012207

Arabia

507937412Analyzed
1v1 RM · 10d ago on Sep 20, 2026· 39m 56s· 2 players
Game mode
Random Map
Map size
Tiny (2 player)
Population
200
Speed
Normal
Resources
Standard
Victory
Conquest
Starting age
Dark Age
Ending age
Imperial Age
RankedLock teamsTeams togetherTeam positionsShared explorationLock speedFull tech treeHidden civsTurbo modeCheats
Victory
Defeat
🇹🇼 Saracens · Taiwan
1214
+17
🇩🇪 Bulgarians · Germany
1227
-17
qaz012207
6:41 Loom
8:48 Feudal Age
16:59 Wheelbarrow
16:11 Double-Bit Axe
22:45 Castle Age
22:12 Fletching
22:19 Horse Collar
22:42 Padded Archer Armor
23:05 Bloodlines
23:03 Scale Barding Armor
23:00 Crossbowman
24:27 Bow Saw
25:41 Light Cavalry
28:19 Chain Barding Armor
29:02 Bodkin Arrow
Azedo94
5:07 Loom
9:55 Feudal Age
20:54 Castle Age
19:07 Double-Bit Axe
20:10 Fletching
23:31 Elite Skirmisher
Connection lost

Rejoining the realm…

Still unreachable

The connection could not be restored.

Session expired

The server has moved on; the page needs a fresh start.